 Dungeon Crawl Stone Soup version 0.28.0-49-g6dfe1f597d (webtiles) character file.

Game seed: 17520900664982093007

737 Zeld the Chiller (level 7, -1/60 HPs)
             Began as a Ghoul Ice Elementalist on May 17, 2022.
             Slain by a bullfrog (4 damage)
             ... on level 4 of the Dungeon.
             The game lasted 00:08:47 (4893 turns).

Zeld the Chiller (Ghoul Ice Elementalist)           Turns: 4893, Time: 00:08:48

Health: -1/60      AC:  3    Str: 12    XL:     7   Next: 75%
Magic:  11/11      EV: 12    Int: 12    God:
Gold:   153        SH:  0    Dex:  9    Spells: 6/13 levels left

rFire   . . .      SeeInvis .   a - +6 short sword (speed)
rCold   + . .      Faith    .   (no shield)
rNeg    + + +      Spirit   .   o - +0 robe
rPois   ∞          Reflect  .   j - +0 helmet
rElec   .          Harm     .   (no cloak)
rCorr   .          Rampage  .   (no gloves)
Will    .....                   (no boots)
Stlth   ++........              (no amulet)
HPRegen 0.00/turn               (no ring)
MPRegen 0.12/turn               (no ring)

@: inhibited regen
A: claws 1, cold resistance 1, negative energy resistance 3, inhibited
regeneration, torment resistance 2
a: no special abilities


You were on level 4 of the Dungeon.
You visited 1 branch of the dungeon, and saw 4 of its levels.

You collected 153 gold pieces.

Inventory:

Hand Weapons
 a - a +6 short sword of speed (weapon)
Armour
 j - a +0 helmet (worn)
 o - a +0 robe (worn)
Wands
 m - a wand of polymorph (11)
Scrolls
 c - 5 scrolls of identify {unknown}
 d - 2 scrolls of teleportation {unknown}
 g - 2 scrolls of fear {unknown}
 l - 2 scrolls of blinking {unknown}
Potions
 b - a potion of magic {unknown}
 e - 2 potions of lignification {unknown}
 f - a potion of haste {unknown}
 h - 2 potions of might {unknown}
 i - a potion of heal wounds {unknown}
 k - a potion of degeneration {unknown}
 n - a potion of attraction {unknown}
 p - a potion of mutation {unknown}
 q - a potion of invisibility {unknown}


   Skills:
 * Level 4.3 Fighting
 + Level 3.0 Dodging
 + Level 4.0 Stealth
 * Level 3.7 Spellcasting
 * Level 6.3 Ice Magic


You had 6 spell levels left.
You knew the following spells:

 Your Spells              Type           Power      Damage    Failure   Level
a - Freeze                Ice            68%        1d8       1%          1
b - Frozen Ramparts       Ice            34%        1d5       4%          3
c - Ozocubu's Armour      Ice            17%        N/A       4%          3

Your spell library contained the following spells:

 Spells                   Type           Power      Damage    Failure   Level
 Animate Skeleton         Necr           4%         N/A       22%         1
 Apportation              Tloc           4%         N/A       22%         1
 Summon Small Mammal      Summ           8%         N/A       22%         1
 Hailstorm                Conj/Ice       9%         3d4       52%         4
 Petrify                  Tmut/Erth      2%         N/A       92%         4
 Irradiate                Conj/Tmut      1%         3d13      99%         5
 Sublimation of Blood     Necr           Unusable   N/A       N/A         2

Dungeon Overview and Level Annotations

Branches:
Dungeon (4/15)
 Temple: D:4-7

Altars:
Okawaru
Beogh

Shops:
D:1 =

Annotations:
D:4 Ijyb


Innate Abilities, Weirdness & Mutations

You thrive by killing the living.
You are immune to poison.
You have sharp fingernails.
Your flesh is cold resistant. (rC+)
You are immune to negative energy. (rN+++)
You do not regenerate when monsters are visible.
You are immune to unholy pain and torment.


Message History

You see here an amethyst potion.
A jelly is nearby!
An ogre comes into view. It is wielding a +0 giant club.
The ogre shouts!
A bullfrog comes into view.
The jelly quivers.
You puncture the jelly!
Your claws burn!
The jelly is heavily wounded.
The jelly hits you. The acid corrodes you!
You are splashed with acid!
You hit the jelly.
Your claws burn!
The jelly is severely wounded.
The jelly hits you.
You are splashed with acid!
You are too injured to fight recklessly!
Casting: Frozen Ramparts (dangerous; 4% risk of failure)
Confirm with . or Enter, or press ? or * to list all spells.
Aiming: Freeze (safe; 1% risk of failure)
Press: ? - help, Shift-Dir - straight line, f - jelly
Aim: a jelly (severely wounded)
You freeze the jelly.
The jelly is almost dead.
The bullfrog croaks.
The jelly hits you.
You are splashed with acid!
* * * LOW HITPOINT WARNING * * *
A ball python comes into view.
A giant cockroach comes into view.
The ogre barely misses you.
Found 19 stones.
Found a chain mail.
A hobgoblin comes into view.
The hobgoblin shouts!
The bullfrog barely misses you. The bullfrog hits you!
* * * LOW HITPOINT WARNING * * *
Found a stone staircase leading down.
The giant cockroach misses you.
Found 12 gold pieces.
The bullfrog hits you.
* * * LOW HITPOINT WARNING * * *
Found a scroll labelled DETIZAOSHI.
The hobgoblin barely misses you.
You are no longer corroded.
The bullfrog hits you.
* * * LOW HITPOINT WARNING * * *
The bullfrog hits you.
You die...

♣.♣.♣....# ._.♣.♣.#.#
♣.♣.♣..#.## ♣.♣.♣.!....#
..♣.♣.......# ...♣...#....#
............# ##########
......##.#...######
.......... ##
#.[..(..OJ.F@.# #.........
........B.g.................
.............##.#...........
.###.....##### # .........<
#.....# .##.###... #..>..#
.. #.## #....$# .# #.##
#..?..# #.## ...##.##


You could see an ogre, a bullfrog, a jelly, a giant cockroach and a hobgoblin.

Vanquished Creatures
  Sigmund (D:3)
  A water moccasin (D:3)
  An ice beast (D:3)
  An ogre (D:3)
  A hound (D:3)
  2 orc priests (D:3)
  An orc wizard (D:3)
  Robin (D:2)
  5 adders
  3 worms
  3 dart slugs
  10 orcs (D:3)
  5 ball pythons (D:1)
  6 bats
  8 endoplasms
  3 giant cockroaches (D:1)
  19 goblins
  11 hobgoblins
  2 quokkas
  5 frilled lizards
  6 kobolds
  10 rats
105 creatures vanquished.

Notes
Turn   | Place    | Note
-------+----------+-------------------------------------------
     0 | D:1      | Zeld the Ghoul Ice Elementalist began the quest for the
                  | Orb.
     0 | D:1      | Reached XP level 1. HP: 14/14 MP: 2/2
    39 | D:1      | Found Figoupsu's Jewellery Shoppe.
   271 | D:1      | Reached XP level 2. HP: 17/22 MP: 0/3
   396 | D:1      | Reached skill level 1 in Fighting
   582 | D:1      | Reached XP level 3. HP: 28/28 MP: 2/5
   586 | D:1      | Learned a level 3 spell: Frozen Ramparts
  1082 | D:1      | Found a faded altar of an unknown god.
  2031 | D:2      | Reached XP level 4. HP: 31/36 MP: 2/6
  2039 | D:2      | Learned a level 3 spell: Ozocubu's Armour
  2133 | D:2      | Reached skill level 5 in Ice Magic
  2216 | D:2      | Noticed Robin
  2227 | D:2      | Killed Robin
  2230 | D:2      | Reached XP level 5. HP: 37/42 MP: 0/7
  2687 | D:3      | Noticed a water moccasin
  2701 | D:3      | Killed a water moccasin
  2702 | D:3      | Reached XP level 6. HP: 11/51 MP: 1/9
  2959 | D:3      | Noticed an ice beast
  3800 | D:3      | Reached XP level 7. HP: 58/58 MP: 6/11
  4079 | D:3      | Reached skill level 6 in Ice Magic
  4427 | D:3      | Noticed Sigmund
  4488 | D:4      | Noticed Ijyb
  4528 | D:3      | Killed Sigmund
  4869 | D:4      | Found an iron altar of Okawaru.
  4891 | D:4      | HP: 3/60 [bullfrog (5)]
  4893 | D:4      | Slain by a bullfrog

Illustrated notes

Levels and vault maps discovered:
D:1:      minmay_arrival_loop, layout_loops_ring,
          hellmonk_ecumenical_altar_defaced_shrine, serial_shops,
          nicolae_diamond_shop, minmay_misc_feat_pillars, minmay_octomino_j4
D:2:      minmay_recursive_quarters, layout_basic, minmay_misc_feat_tiny,
          uniq_robin
D:3:      layout_basic, minmay_bisected, uniq_sigmund
D:4:      layout_loops_cross, mainiacjoe_overflow_brackets, okawaru_trees_2,
          serial_bayou_lagoon_b, uniq_ijyb

Skill      XL: |  1  2  3  4  5  6  7 |
---------------+----------------------+-----
Spellcasting   | 2 3 |  3.7
Fighting       | 1 2 3 4 |  4.3
Dodging        | 2 3 |  3.0
Ice Magic      | 5 6 |  6.3
Stealth        | 3 4 |  4.0

Action                   |  1- 3 |  4- 6 |  7- 9 || total
-------------------------+-------+-------+-------++-------
Melee: Unarmed           |    86 |    22 |     1 ||   109
       Short sword       |       |       |    36 ||    36
 Cast: Freeze            |    53 |    27 |     8 ||    88
       Frozen Ramparts   |     1 |     5 |     4 ||    10
       Ozocubu's Armour  |       |       |     1 ||     1
 Stab: Sleeping          |     5 |       |     2 ||     7
Armor: Robe              |    34 |     6 |     9 ||    49
Dodge: Dodged            |    78 |    43 |    29 ||   150
